 Dungeon Crawl Stone Soup version 0.29.1-1-gd02db6906a (webtiles) character file.

Game seed: 11879181570646122796

56 croobank the Caller (level 3, -3/14 HPs)
             Began as a Felid Summoner on Sept 21, 2022.
             Slain by a gnoll
             ... wielding a +0 spear
              (8 damage)
             ... on level 2 of the Dungeon.
             The game lasted 00:11:49 (1791 turns).

croobank the Caller (Felid Summoner)                Turns: 1791, Time: 00:11:49

Health: -3/14      AC:  1    Str:  4    XL:     3   Next: 69%
Magic:  6/7        EV: 18    Int: 24    God:
Gold:   105        SH:  0    Dex: 16    Spells: 1/7 levels left
                                        Lives:  0   Deaths: 0

rFire   . . .      SeeInvis +   (weapon unavailable)
rCold   . . .      Faith    .   (shield unavailable)
rNeg    . . .      Spirit   .   (body armour unavailable)
rPois   .          Reflect  .   (helmet unavailable)
rElec   .          Harm     .   (cloak unavailable)
rCorr   .          Rampage  .   (gloves unavailable)
Will    .....                   (boots unavailable)
Stlth   +++.......              (no amulet)
HPRegen 0.04/turn               f - +6 ring of intelligence
MPRegen 0.10/turn               (no ring)

@: quick
A: very small, claws 1, fangs 3, see invisible, speed 1, shaggy fur 1, stealthy
paws, no weapons or thrown items, no armour, multi-lived
a: no special abilities


You were on level 2 of the Dungeon.
You visited 1 branch of the dungeon, and saw 2 of its levels.

You collected 105 gold pieces.

Inventory:

Jewellery
 f - a +6 ring of intelligence (left paw)
Scrolls
 c - 2 scrolls of identify {unknown}
 d - 2 scrolls of noise {unknown}
 g - a scroll of magic mapping {unknown}
 h - a scroll of immolation {unknown}
Potions
 a - a potion of magic
 b - a potion of attraction {unknown}
 e - a potion of degeneration {unknown}
 i - a potion of resistance {unknown}


   Skills:
 + Level 3.5 Dodging
 + Level 3.7 Stealth
 + Level 2.6 Spellcasting
 + Level 4.3 Summonings


You had one spell level left.
You knew the following spells:

 Your Spells              Type           Power      Damage    Failure   Level
a - Summon Small Mammal   Summ           96%        N/A       1%          1
b - Call Imp              Summ           24%        N/A       2%          2
c - Call Canine Familiar  Summ           24%        N/A       5%          3

Your spell library contained the following spells:

 Spells                   Type           Power      Damage    Failure   Level
 Summon Guardian Golem    Hex/Summ       13%        N/A       14%         3
 Scorch                   Fire           6%         2d5       17%         2
 Summon Lightning Spire   Summ/Air       13%        N/A       41%         4
 Flame Wave               Conj/Fire      3%         2d5       75%         4
 Summon Cactus Giant      Summ           12%        N/A       96%         6


Dungeon Overview and Level Annotations

Branches:
Dungeon (2/15)

Altars:

Shops:
D:1 *?


Innate Abilities, Weirdness & Mutations

You have sharp claws.
You have razor-sharp teeth.
You have supernaturally acute eyesight. (SInv)
You cover ground quickly. (Speed+)
You are covered in fur. (AC +1)
Your paws help you pounce on unaware monsters.
You are incapable of wielding weapons or throwing items.
You cannot wear armour.
You gain extra lives every three experience levels.


Message History

The giant cockroach bites your hound.
A giant cockroach is nearby!
You swap places.
Your hound bites the giant cockroach.
Your hound barely misses the giant cockroach.
The giant cockroach closely misses your hound.
Your hound barely misses the giant cockroach.
Your quokka closely misses the giant cockroach.
The giant cockroach closely misses your hound.
Your hound bites the giant cockroach but does no damage.
Your quokka completely misses the giant cockroach.
The giant cockroach barely misses your hound.
Your crimson imp blinks!
Your crimson imp looks more healthy.
Your hound closely misses the giant cockroach.
Your quokka bites the giant cockroach but does no damage.
The giant cockroach completely misses your hound.
Your hound bites the giant cockroach.
The giant cockroach dies!
Your crimson imp disappears in a puff of smoke!
There is a broken door here.
Found a golden potion.
The gnoll shouts!
i - a fizzy purple potion The hobgoblin shouts!
A gnoll opens the door.
Your quokka disappears in a puff of smoke!
You see here an amulet of faith.
You see here a scroll labelled JICZIRGH XIGUNI.
c - 2 scrolls labelled JICZIRGH XIGUNI (gained 1)
Your hound barely misses the gnoll.
Your hound bites the gnoll.
Your hound barely misses the gnoll.
The gnoll hits you with a +0 spear!
Ouch! That really hurt!
* * * LOW HITPOINT WARNING * * *
Your hound barely misses the gnoll.
You see here a +0 sling.
Your hound disappears in a puff of smoke!
The gnoll hits you from afar with a +0 spear!
Ouch! That really hurt!
You die...

#.....###.....### ###.#
#.....###.....#### #.#
.....###...!.###.# ... #.#
...g###.....###..# ..# #.#
...###.....###...+..>. #.#
..######'####....#.#.# #.#
.###.#.§§..#.....#.#.# #.#
.####..#..g..#....##.#.# #.#
.(###...+§.§)@+...###.#.####.#
#.##....#.....#..####........#
#.#.....#.§...#.###.#...######
#.#....####'######..#...#
#.+...###.....###...†.#.#
#.#..###.....###....#.#.#
#.#.###.....###.....#.#.#
#.####.....###.....##.#.#
#.###.....###.....###.#.#


You could see a gnoll and a hobgoblin.

Vanquished Creatures
  2 bats (D:1)
2 creatures vanquished.

Vanquished Creatures (collateral kills)
  A gnoll (D:1)
  An adder (D:2)
  2 endoplasms (D:1)
  2 giant cockroaches
  3 goblins
  3 hobgoblins (D:1)
  4 jackals (D:1)
  A quokka (D:2)
  4 ball pythons
  3 bats
  A frilled lizard (D:2)
  4 kobolds
  4 rats
33 creatures vanquished.

Grand Total: 35 creatures vanquished

Notes
Turn   | Place    | Note
-------+----------+-------------------------------------------
     0 | D:1      | croobank the Felid Summoner began the quest for the Orb.
     0 | D:1      | Reached XP level 1. HP: 7/7 MP: 4/4
   279 | D:1      | Reached XP level 2. HP: 11/11 MP: 4/6
   291 | D:1      | Learned a level 2 spell: Call Imp
   415 | D:1      | Found Jotew's General Store.
   580 | D:1      | Found a faded altar of an unknown god.
  1002 | D:1      | Found Keschisch's Magic Scroll Boutique.
  1038 | D:1      | Reached XP level 3. HP: 14/14 MP: 2/7
  1332 | D:1      | Learned a level 3 spell: Call Canine Familiar
  1791 | D:2      | Slain by a gnoll

Illustrated notes

Levels and vault maps discovered:
D:1:      psy_arrival_heroes, layout_loops_corners, basic_ecumenical_altar,
          serial_shops, shop, nicolae_shop_hallway_plus
D:2:      layout_basic, roderic_serpentine_path, minmay_quadrilaterals

Skill      XL: |  1 |
---------------+----+-----
Stealth        | 3 |  3.7
Dodging        | 3 |  3.5
Spellcasting   | |  2.6
Summonings     | |  4.3

Action                   || total
-------------------------++-------
Melee: Unarmed           ||     6
 Cast: Summon Small Mamm ||    29
       Call Imp          ||    14
       Call Canine Famil ||     3
Armor: Skin              ||     3
Dodge: Dodged            ||    14
